 Dungeon Crawl Stone Soup version 0.29.1-2-gbd0b4ee654 (webtiles) character file.

Game seed: 9587717815195176259

3296 MaxHasHax6295 the Cleaver (level 9, -5/79 HPs)
             Began as a Minotaur Berserker on Oct 27, 2022.
             Was a Priest of Trog.
             Slain by a vampire (8 damage)
             ... on level 8 of the Dungeon.
             The game lasted 00:17:59 (8323 turns).

MaxHasHax6295 the Cleaver (Minotaur Berserker)      Turns: 8323, Time: 00:17:59

Health: -5/79      AC: 14    Str: 25    XL:     9   Next: 70%
Magic:  8/8        EV:  5    Int:  4    God:    Trog [***...]
Gold:   386        SH:  0    Dex: 17    Spells: 8/8 levels left

rFire   . . .      SeeInvis .   K - +2 hand axe (holy)
rCold   . . .      Faith    .   H - +0 tower shield
rNeg    . . .      Spirit   .   L - +0 plate armour
rPois   .          Reflect  +   (helmet restricted)
rElec   .          Harm     .   (no cloak)
rCorr   .          Rampage  .   m - +0 pair of gloves
Will    .....                   (no boots)
Stlth   ..........              u - amulet of reflection
HPRegen 0.23/turn               p - +6 ring of dexterity
MPRegen 0.11/turn               (no ring)

@: confused, lethally poisoned (-5 -> -6), slowed, very slow
A: horns 2, retaliatory headbutt
a: Renounce Religion, Berserk, Trog's Hand


You were on level 8 of the Dungeon.
You worshipped Trog.
Trog was most pleased with you.
You visited 1 branch of the dungeon, and saw 8 of its levels.

You collected 386 gold pieces.

Inventory:

Hand Weapons
 a - a +0 hand axe
 w - a +3 vorpal scythe
 z - a +1 executioner's axe of flaming
 K - a +2 hand axe of holy wrath (weapon)
Missiles
 J - a throwing net (quivered)
Armour
 m - a +0 pair of gloves (worn)
 H - a +0 tower shield (worn)
 L - a +0 plate armour (worn)
Jewellery
 p - a +6 ring of dexterity (left hand)
 q - an amulet of faith
 u - an amulet of reflection (around neck)
 A - a ring of protection from cold
Wands
 x - a wand of iceblast (10)
 B - a wand of paralysis (14)
 E - a wand of light (4)
Scrolls
 g - a scroll of blinking {unknown}
 j - a scroll of noise {unknown}
 k - a scroll of magic mapping {unknown}
 l - 5 scrolls of teleportation
 o - 3 scrolls of fog
 r - a scroll of poison {unknown}
 t - a scroll of enchant weapon
 v - 2 scrolls of acquirement
 y - a scroll of vulnerability {unknown}
 D - a scroll of enchant armour {unknown}
 F - a scroll of brand weapon {unknown}
Potions
 d - a potion of mutation {unknown}
 e - 5 potions of degeneration
 f - 2 potions of magic {unknown}
 h - 5 potions of curing
 i - 2 potions of attraction {unknown}
 n - 2 potions of cancellation {unknown}
 C - 3 potions of lignification
 G - a potion of haste
 I - a potion of resistance {unknown}


   Skills:
 + Level 7.4 Fighting
 + Level 11.9(12.2) Axes
 + Level 3.8(8.6) Polearms
 + Level 6.1 Armour
 + Level 4.6 Dodging
 + Level 3.3 Stealth
 + Level 1.8 Shields


You had 8 spell levels left.
You didn't know any spells.
Your spell library was empty.

Dungeon Overview and Level Annotations

Branches:
Dungeon (8/15)             Temple (0/1) D:6
   Lair: D:8-11

Altars:
Ru
Xom

Annotations:
D:3 2 transporters


Innate Abilities, Weirdness & Mutations

You have a pair of horns on your head.
You reflexively headbutt those who attack you in melee.


Message History

The hornet stings you.
You feel yourself slow down. Something hits you but does no damage.
Something bites you.
Something draws strength from your injuries!
You hit the hornet but do no damage.
The hornet is almost dead.
You closely miss something.
You feel sick. The hornet stings you!
You are more poisoned.
You feel as though you will be slow longer.
Something hits you! Something completely misses you. The hornet stings you.
You feel as though you will be slow longer.
Something hits you. Something bites you.
Something draws strength from your injuries!
You block the hornet's attack.
You are too injured to fight recklessly!
You are too injured to fight recklessly!
You are too injured to fight recklessly!
You are too injured to fight recklessly!
You hit the hornet.
You kill the hornet!
Trog accepts your kill.
You miss something.
You feel very sick. Something hits you. You block something's attack.
You feel very sick. Something hits you but does no damage.
Something bites you but does no damage.
You hear some strange, mumbled words.
You are confused.
You're too confused to move!
You feel sick. Something hits you but does no damage. Something bites you!
* * * LOW HITPOINT WARNING * * *
Something draws strength from your injuries!
You slash something! Your headbutt misses something.
You feel sick. Something hits you but does no damage. Something bites you.
* * * LOW HITPOINT WARNING * * *
Something draws strength from your injuries!
Something hits you but does no damage. Something bites you but does no damage.
You feel sick. Something hits you.
* * * LOW HITPOINT WARNING * * *
Something bites you!
You die...

#........### ##..........
#......<...# #..........#
#..........##
#...........#
#...........### #######.
#.....@..#...###.......
##....{......#..<######
#######............[....#
#.......##########.)....#
..#.....############.....
#...............)......
#.....#####.#..........
###.....# #....##....#.#
.....#######..####.......


There were no monsters in sight!

Vanquished Creatures
  Psyche (D:7)
  A hornet (D:8)
  Sigmund (D:4)
  A water moccasin (D:7)
  3 orc warriors
  A black bear (D:5)
  A sky beast (D:7)
  An ice beast (D:6)
  An ogre (D:5)
  A centaur (D:7)
  3 phantoms
  A kobold brigand (D:6)
  A bullfrog (D:7)
  A gnoll sergeant (D:7)
  3 scorpions
  A necrophage (D:4)
  6 killer bees
  6 orc priests
  A gnoll bouda (D:6)
  3 hounds
  2 jellies
  8 orc wizards
  Ijyb (D:4)
  3 iguanas
  Robin (D:3)
  7 gnolls
  8 adders
  A shadow imp (D:6)
  A white imp (D:5)
  An ufetubus (D:6)
  A worm (D:2)
  2 dart slugs
  36 orcs
  4 ball pythons
  6 bats
  10 endoplasms
  7 giant cockroaches
  16 goblins
  5 hobgoblins
  6 quokkas
  7 frilled lizards
  9 kobolds
  6 rats
186 creatures vanquished.

Vanquished Creatures (others)
  A fungus (D:2)
  4 plants (D:2)
5 creatures vanquished.

Grand Total: 191 creatures vanquished

Notes
Turn   | Place    | Note
-------+----------+-------------------------------------------
     0 | D:1      | MaxHasHax6295 the Minotaur Berserker began the quest for
                  | the Orb.
     0 | D:1      | Reached XP level 1. HP: 19/19 MP: 0/0
   339 | D:1      | Reached XP level 2. HP: 26/27 MP: 1/1
   400 | D:1      | Reached skill level 4 in Axes
  1264 | D:2      | Reached XP level 3. HP: 26/33 MP: 2/2
  1686 | D:2      | Found a faded altar of an unknown god.
  1824 | D:2      | Reached ** piety under Trog
  1825 | D:2      | Reached XP level 4. HP: 40/41 MP: 3/3
  2121 | D:3      | Found a transporter.
  2121 | D:3      | Noticed a bullfrog
  2122 | D:3      | Found a sacrificial altar of Ru.
  2124 | D:3      | Found a shimmering altar of Xom.
  2147 | D:3      | Noticed Robin
  2158 | D:3      | Killed Robin
  2159 | D:3      | Reached skill level 5 in Axes
  2340 | D:3      | Found a transporter.
  2476 | D:3      | Reached skill level 1 in Stealth
  2536 | D:3      | Reached XP level 5. HP: 47/47 MP: 4/4
  2950 | D:3      | Reached skill level 6 in Axes
  3081 | D:4      | Reached XP level 6. HP: 55/55 MP: 5/5
  3229 | D:4      | Reached skill level 5 in Fighting
  3558 | D:4      | Noticed Sigmund
  3571 | D:4      | Killed Sigmund
  3572 | D:4      | Reached skill level 7 in Axes
  3714 | D:4      | Reached XP level 7. HP: 55/61 MP: 6/6
  3781 | D:4      | Reached *** piety under Trog
  3794 | D:4      | Noticed Ijyb
  3813 | D:4      | Killed Ijyb
  3896 | D:4      | Reached skill level 8 in Axes
  3896 | D:4      | Reached skill level 1 in Polearms
  3903 | D:4      | You fall into a shaft and drop 3 floors!
  4350 | D:7      | Identified 3 scrolls of acquirement
  4350 | D:7      | Acquired a +1 executioner's axe of flaming
  4406 | D:7      | Reached XP level 8. HP: 43/70 MP: 7/7
  4864 | D:5      | Entered Level 5 of the Dungeon
  5048 | D:5      | Paralysed by an orc for 3 turns
  5512 | D:5      | Reached skill level 5 in Armour
  5590 | D:5      | Reached skill level 9 in Axes
  6206 | D:6      | Reached **** piety under Trog
  6268 | D:6      | Reached skill level 10 in Axes
  6604 | D:6      | Reached XP level 9. HP: 64/78 MP: 8/8
  6848 | D:6      | Found a staircase to the Ecumenical Temple.
  7127 | D:7      | Reached skill level 1 in Shields
  7676 | D:8      | Noticed Psyche
  7690 | D:7      | Killed Psyche
  7691 | D:7      | Reached skill level 11 in Axes
  8323 | D:8      | HP: 3/79 [something (6)]
  8323 | D:8      | Slain by a vampire

Illustrated notes

Levels and vault maps discovered:
D:1:      evilmike_arrival_rings, layout_basic
D:2:      minmay_diamond_boxcup, layout_loops_ring,
          shapermc_ecumenical_altar_mp_ritualfount
D:3:      layout_basic, gammafunk_temple_overflow_arena,
          kennysheep_generic_room_5, uniq_robin
D:4:      layout_loops_corners, minmay_liquid_box, minmay_misc_feat_iff,
          uniq_sigmund, uniq_ijyb
D:5:      layout_loops_cross
D:6:      layout_loops_ring, temple_pool_b, nicolae_elevator_lobby_plus
D:7:      layout_basic
D:8:      layout_rooms, enter_bailey_3, serial_shops, nicolae_diamond_shop,
          disabler_island, uniq_maurice, uniq_psyche

Skill      XL: |  1  2  3  4  5  6  7  8  9 |
---------------+----------------------------+-----
Fighting       | 4 5 6 7 |  7.4
Axes           | 4 5 6 7 8 10 11 | 11.9
Armour         | 3 4 5 6 |  6.1
Stealth        | 1 2 3 |  3.3
Dodging        | 3 4 |  4.6
Polearms       | 3 |  3.8
Shields        | 1 |  1.8

Action                   |  1- 3 |  4- 6 |  7- 9 || total
-------------------------+-------+-------+-------++-------
Melee: Hand axe          |    60 |    91 |    10 ||   161
       Headbutt          |     8 |    15 |    22 ||    45
       Punch             |       |     1 |       ||     1
       Halberd           |       |     4 |    43 ||    47
       Executioner's axe |       |       |   145 ||   145
Invok: Berserk           |       |     3 |     8 ||    11
       Trog's Hand       |       |       |     1 ||     1
       Brothers in Arms  |       |       |     1 ||     1
  Use: Scroll            |       |       |     9 ||     9
       Potion            |       |       |     1 ||     1
 Stab: Sleeping          |     2 |     1 |     5 ||     8
Armor: Animal skin       |     8 |    15 |       ||    23
       Ring mail         |       |    10 |    56 ||    66
       Plate armour      |       |       |    11 ||    11
Dodge: Dodged            |    53 |    56 |   129 ||   238
Block: Other             |       |       |    26 ||    26
       Reflection        |       |       |     1 ||     1
       Tower shield      |       |       |     8 ||     8
